 Dungeon Crawl Stone Soup version 0.29-a0-334-gb41bcbb86e (webtiles) character file.

Game seed: 14147481248626695691

263 spaghetti the Skirmisher (level 6, 53/53 HPs)
             Began as a Gnoll Wanderer on Apr 15, 2022.
             Was a Follower of Fedhas.
             Quit the game on level 3 of the Dungeon.
             The game lasted 00:05:24 (2823 turns).

spaghetti the Skirmisher (Gnoll Wanderer)           Turns: 2823, Time: 00:05:24

Health: 53/53      AC:  5    Str: 17    XL:     6   Next: 19%
Magic:  11/11      EV: 11    Int:  9    God:    Fedhas [*.....]
Gold:   140        SH:  0    Dex: 10    Spells: 7/11 levels left

rFire   + . .      SeeInvis .   k - staff of death {!astaff}
rCold   . . .      Faith    .   (no shield)
rNeg    + . .      Spirit   .   d - +0 leather armour
rPois   .          Reflect  .   (no helmet)
rElec   .          Harm     .   m - +0 cloak
rCorr   .          Rampage  .   (no gloves)
Will    .....                   b - +0 pair of boots
Stlth   +++.......              (no amulet)
HPRegen 0.17/turn               n - ring of protection from fire
MPRegen 0.12/turn               (no ring)

@: no status effects
A: fangs 1, strong nose, distributed training
a: Renounce Religion


You were on level 3 of the Dungeon.
You worshipped Fedhas.
Fedhas was aware of your devotion.
You visited 1 branch of the dungeon, and saw 3 of its levels.

You collected 140 gold pieces.


Innate Abilities, Weirdness & Mutations

You have very sharp teeth.
Your uncanny sense of smell can sniff out nearby items.
Your experience applies equally to all skills.


   Skills:
 + Level 6.8 Fighting
 + Level 1.8 Short Blades
 + Level 1.8 Long Blades
 + Level 1.8 Axes
 + Level 1.8 Maces & Flails
 + Level 1.8 Polearms
 + Level 1.8 Staves
 + Level 1.8 Slings
 + Level 1.8 Bows
 + Level 1.8 Crossbows
 + Level 1.8 Throwing
 + Level 3.2 Armour
 + Level 1.8 Dodging
 + Level 6.2 Stealth
 + Level 1.8 Shields
 + Level 1.8 Unarmed Combat
 + Level 3.3 Spellcasting
 + Level 1.4 Conjurations
 + Level 1.4 Hexes
 + Level 1.4 Summonings
 + Level 1.4 Necromancy
 + Level 1.4 Translocations
 + Level 1.4 Transmutations
 + Level 1.4 Fire Magic
 + Level 1.4 Ice Magic
 + Level 1.4 Air Magic
 + Level 1.4 Earth Magic
 + Level 4.1 Poison Magic
 + Level 2.0 Invocations
 + Level 1.8 Evocations


You had 7 spell levels left.
You knew the following spells:

 Your Spells              Type           Power      Damage    Failure   Level
a - Sting                 Tmut/Pois      24%        1d4       11%         1
b - Spider Form           Tmut/Pois      6%         N/A       32%         3

Your spell library contained the following spells:

 Spells                   Type           Power      Damage    Failure   Level
 Olgreb's Toxic Radiance  Pois           8%         N/A       54%         4
 Summon Forest            Summ/Tloc      2%         N/A       99%         5
 Eringya's Noxious Bog    Tmut/Pois      3%         N/A       100%        6
 Summon Hydra             Summ           2%         N/A       100%        7

Inventory:

Hand Weapons
 a - a +0 club {mace}
 w - a +2 short sword of flaming {short}
   (You took it off a kobold on level 3 of the Dungeon)
Missiles
 j - 82 stones (quivered) {throwing}
 u - 5 poisoned darts {throwing}
Armour
 b - a +0 pair of boots (worn)
 d - a +0 leather armour (worn)
 m - a +0 cloak (worn)
   (You found it on level 1 of the Dungeon)
Magical Staves
 k - a staff of death (weapon) {!astaff}
   (You found it on level 1 of the Dungeon)
Jewellery
 n - a ring of protection from fire (left hand)
   (You found it on level 1 of the Dungeon)
Wands
 r - a wand of flame (9)
   (You took it off Sigmund on level 2 of the Dungeon)
Scrolls
 f - a scroll of enchant weapon {unknown}
 h - a scroll of magic mapping {unknown}
 i - 3 scrolls of blinking {unknown}
 l - 2 scrolls of vulnerability {unknown}
 o - 2 scrolls of identify {unknown}
 t - 2 scrolls of teleportation {unknown}
Potions
 c - 2 potions of haste {@q3}
 e - a potion of curing {@q1}
 g - a potion of cancellation {unknown}
 p - 2 potions of flight {unknown}
 q - a potion of mutation {unknown}
 s - a potion of heal wounds {unknown}
 v - 2 potions of berserk rage {unknown}
 x - a potion of invisibility

Dungeon Overview and Level Annotations

Branches:
Dungeon (3/15)

Altars:
Fedhas
Trog

Annotations:
D:2 1 exclusion

############ #..........#
...............#
................#
................#
........###.....@##..
....................>S#∆
.........##.............
.........#...............
...........######........
.........#.#....#........
.........#...##.#........
......<.##......#........
.).............##........


You could see a ball python.


Message History

You kill the kobold!
Fedhas appreciates your contribution to the ecosystem.
w - a +2 short sword of flaming {short};
j - 59 stones {throwing} (gained 4)
Your transformation is almost over.
Your magical contamination has completely faded away.
Your transformation has ended.
Your staff of death {!astaff} unmelds from your body.
Your +0 cloak unmelds from your body.
Your +0 pair of boots unmelds from your body.
Your +0 leather armour unmelds from your body. 😎 MP[+2]
You regained 2 mp, and now have 6/11 mp.
Unknown command.
Unknown command.
Unknown command.
There is a blossoming altar of Fedhas here.
You see here a +0 dagger {short}.
You now have 122 gold pieces (gained 14).
Key pressed, stopping explore.
You now have 126 gold pieces (gained 4).
Key pressed, stopping explore.
j - 82 stones {throwing} (gained 23)
x - a potion of invisibility 😎 MP[+5]
Your mp is fully restored (11).
Key pressed, stopping explore.
Found a stone staircase leading down.
Found a runed hat.
(D) Dungeon
Where to? (Enter - D:3, ? - help)
Okay, then.
Unknown command.
Unknown command.
v - 2 smoky coppery potions (gained 1)
A goblin comes into view. It is wielding a +0 club.
A goblin is nearby!
A goblin is nearby!
A goblin is nearby!
A goblin is nearby!
Casting: Spider Form (dangerous; 32% risk of failure)
Confirm with . or Enter, or press ? or * to list all spells.
You miscast Spider Form.
You are very lightly contaminated with residual magic.
Nothing appears to happen.
The goblin shouts! 😎 MP[-3]
You lost 3 mp, and now have 8/11 mp.
You throw a stone {throwing}. The stone {throwing} hits the goblin.
You throw a stone {throwing}.
The stone {throwing} hits the goblin but does no damage.
You throw a stone {throwing}.
The stone {throwing} hits the goblin but does no damage.
Casting: Spider Form (dangerous; 32% risk of failure)
Confirm with . or Enter, or press ? or * to list all spells.
Aiming: Sting (safe; 11% risk of failure)
Press: ? - help, Shift-Dir - straight line, f/p - goblin
Aim: a goblin, wielding a +0 club (severely wounded, 60% to hit)
You miscast Sting.
Nothing appears to happen. 😎 MP[-1]
You lost 1 mp, and now have 7/11 mp.
Casting: Sting (safe; 11% risk of failure)
Confirm with . or Enter, or press ? or * to list all spells.
Aiming: Sting (safe; 11% risk of failure)
Press: ? - help, Shift-Dir - straight line, f/p - goblin
Aim: a goblin, wielding a +0 club (severely wounded, 60% to hit)
The sting misses the goblin. 😎 MP[-1]
You lost 1 mp, and now have 6/11 mp.
Casting: Sting (safe; 11% risk of failure)
Confirm with . or Enter, or press ? or * to list all spells.
Aiming: Sting (safe; 11% risk of failure)
Press: ? - help, Shift-Dir - straight line, f/p - goblin
Aim: a goblin, wielding a +0 club (severely wounded, 60% to hit)
The sting hits the goblin.
The goblin is poisoned.
You kill the goblin!
Fedhas appreciates your contribution to the ecosystem. 😎 MP[-1]
You lost 1 mp, and now have 5/11 mp.
Your magical contamination has completely faded away. 😎 MP[+1]
You see here a +0 club {mace}.
Found a stone staircase leading up.
j - 80 stones {throwing} (gained 1)
j - 81 stones {throwing} (gained 1)
j - 82 stones {throwing} (gained 1)
You now have 131 gold pieces (gained 5).
You see here a +0 dagger {short}.
You now have 140 gold pieces (gained 9).
t - 2 scrolls labelled QUOXAG DIBLI (gained 1)
A ball python comes into view. 😎 MP[+5]
Your mp is fully restored (11).
Found a stone staircase leading up.
Unknown command.
Key pressed, stopping explore.
Found a stone staircase leading down.
i - 3 scrolls labelled TUSAYLL EMEOTO (gained 2)
The ball python hisses angrily.
Are you sure you want to abandon this character and quit the game? (Confirm with "yes".)

Skill      XL: |  1  2  3  4  5  6 |
---------------+-------------------+-----
Stealth        | 6 |  6.2
Invocations    | 1 2 |  2.0
Short Blades   | 1 |  1.8
Long Blades    | 1 |  1.8
Axes           | 1 |  1.8
Maces & Flails | 1 |  1.8
Polearms       | 1 |  1.8
Staves         | 1 |  1.8
Slings         | 1 |  1.8
Bows           | 1 |  1.8
Crossbows      | 1 |  1.8
Throwing       | 1 |  1.8
Armour         | 3 |  3.2
Dodging        | 1 |  1.8
Shields        | 1 |  1.8
Unarmed Combat | 1 |  1.8
Spellcasting   | 3 |  3.3
Conjurations   | 1 |  1.4
Hexes          | 1 |  1.4
Summonings     | 1 |  1.4
Necromancy     | 1 |  1.4
Translocations | 1 |  1.4
Transmutations | 1 |  1.4
Fire Magic     | 1 |  1.4
Ice Magic      | 1 |  1.4
Air Magic      | 1 |  1.4
Earth Magic    | 1 |  1.4
Poison Magic   | 4 |  4.1
Evocations     | 1 |  1.8
Fighting       | |  6.8

Action                   |  1- 3 |  4- 6 || total
-------------------------+-------+-------++-------
Melee: Club              |    23 |       ||    23
       Bite              |     5 |       ||     5
       Staff             |    29 |     4 ||    33
       Punch             |     2 |       ||     2
       Unarmed           |       |    28 ||    28
Throw: Stone             |       |     3 ||     3
 Cast: Sting             |    40 |    15 ||    55
       Spider Form       |       |     9 ||     9
 Stab: Sleeping          |       |     1 ||     1
Armor: Leather armour    |    21 |       ||    21
       Skin              |       |     1 ||     1
Dodge: Dodged            |    59 |    27 ||    86

Levels and vault maps discovered:
D:1:      matt_arrival_grand_opening, layout_rooms,
          amcnicky_mini_corridor_feature
D:2:      minmay_general_purpose_star, layout_loops_ring, grunt_ministairs_2,
          uniq_jessica, uniq_terence, uniq_sigmund
D:3:      layout_basic, mainiacjoe_overflow_catwalk,
          ebering_ecumenical_altar_sacrificial

Notes
Turn   | Place    | Note
-------+----------+-------------------------------------------
     0 | D:1      | spaghetti the Gnoll Wanderer began the quest for the Orb.
     0 | D:1      | spaghetti set off with the following items: a +0 club
                  | {mace}, a +0 pair of boots, a potion of haste {@q3}, a +0
                  | leather armour, a potion of curing {@q1}; and the following
                  | spell memorised: Sting; and the following spells available
                  | to memorise: Spider Form, Olgreb's Toxic Radiance
     0 | D:1      | Reached XP level 1. HP: 23/23 MP: 4/4
     0 | D:1      | magus.rc [v1.9.6]
    35 | D:1      | You add the spells Summon Forest, Eringya's Noxious Bog and
                  | Summon Hydra to your library.
   368 | D:1      | Reached XP level 2. HP: 29/29 MP: 0/5
  1223 | D:2      | Reached skill level 6 in Stealth
  1223 | D:2      | Reached XP level 3. HP: 30/35 MP: 7/7
  1453 | D:2      | Reached skill level 1 in Invocations
  1473 | D:2      | Noticed Sigmund
  1487 | D:2      | Killed Sigmund
  1488 | D:2      | Reached skill level 1 in Short Blades
  1488 | D:2      | Reached skill level 1 in Long Blades
  1488 | D:2      | Reached skill level 1 in Axes
  1488 | D:2      | Reached skill level 1 in Maces & Flails
  1488 | D:2      | Reached skill level 1 in Polearms
  1488 | D:2      | Reached skill level 1 in Staves
  1488 | D:2      | Reached skill level 1 in Slings
  1488 | D:2      | Reached skill level 1 in Bows
  1488 | D:2      | Reached skill level 1 in Crossbows
  1488 | D:2      | Reached skill level 1 in Throwing
  1488 | D:2      | Reached skill level 3 in Armour
  1488 | D:2      | Reached skill level 1 in Dodging
  1488 | D:2      | Reached skill level 1 in Shields
  1488 | D:2      | Reached skill level 1 in Unarmed Combat
  1488 | D:2      | Reached skill level 3 in Spellcasting
  1488 | D:2      | Reached skill level 1 in Conjurations
  1488 | D:2      | Reached skill level 1 in Hexes
  1488 | D:2      | Reached skill level 1 in Summonings
  1488 | D:2      | Reached skill level 1 in Necromancy
  1488 | D:2      | Reached skill level 1 in Translocations
  1488 | D:2      | Reached skill level 1 in Transmutations
  1488 | D:2      | Reached skill level 1 in Fire Magic
  1488 | D:2      | Reached skill level 1 in Ice Magic
  1488 | D:2      | Reached skill level 1 in Air Magic
  1488 | D:2      | Reached skill level 1 in Earth Magic
  1488 | D:2      | Reached skill level 4 in Poison Magic
  1488 | D:2      | Reached skill level 1 in Evocations
  1488 | D:2      | Reached XP level 4. HP: 31/41 MP: 1/8
  1488 | D:2      | Reached XP level 5. HP: 36/47 MP: 1/9
  1573 | D:2      | Learned a level 3 spell: Spider Form
  1723 | D:2      | Noticed Jessica
  1729 | D:2      | Killed Jessica
  1730 | D:2      | Reached XP level 6. HP: 37/53 MP: 3/10
  1846 | D:2      | Noticed Terence
  1856 | D:2      | Killed Terence
  1857 | D:2      | Reached skill level 2 in Invocations
  2290 | D:3      | Found a bloodstained altar of Trog.
  2538 | D:3      | Found a faded altar of an unknown god.
  2554 | D:3      | Prayed at the altar of an unknown god.
  2554 | D:3      | Became a worshipper of Fedhas Madash
  2554 | D:3      | Reached * piety under Fedhas
  2823 | D:3      | Quit the game

Vanquished Creatures
  Sigmund (D:2)
  Jessica (D:2)
  Terence (D:2)
  An adder (D:2)
  An orc (D:3)
  5 ball pythons
  4 bats
  6 endoplasms
  A giant cockroach (D:2)
  5 goblins
  5 hobgoblins
  2 quokkas (D:1)
  3 frilled lizards
  6 kobolds
  4 rats
46 creatures vanquished.

Table legend:
 A = Non-vault XP
 B = Vault XP
 C = Vault XP percentage of total XP
 D = Non-vault monster count
 E = Vault monster count
 F = Vault count percentage of total count
                 A         B        C        D         E       F
            +---------+---------+-------+---------+---------+-------
      Total |      77 |     299 |  79.5 |      41 |       5 |  10.9
            +---------+---------+-------+---------+---------+-------
        D:1 |      30 |       0 |   0.0 |      18 |       0 |   0.0
        D:2 |      28 |     299 |  91.4 |      10 |       5 |  33.3
        D:3 |      19 |       0 |   0.0 |      13 |       0 |   0.0
            +---------+---------+-------+---------+---------+-------

Illustrated notes

Table legend:
 A = Kills in this place as a percentage of kills in entire the game.
 B = Kills by you in this place as a percentage of kills by you in the entire game.
 C = Kills by friends in this place as a percentage of kills by friends in the entire game.
 D = Other kills in this place as a percentage of other kills in the entire game.
 E = Experience gained in this place as a percentage of experience gained in the entire game.
 F = Experience gained in this place divided by the number of levels of this place that you have seen.
                   A       B       C       D       E      F
               +-------+-------+-------+-------+-------+----------------------
         Total | 100.0 | 100.0 |   N/A |   N/A | 100.0 | 125.3
       Dungeon | 100.0 | 100.0 |   N/A |   N/A | 100.0 | 125.3
               +-------+-------+-------+-------+-------+----------------------

Table legend: (Time is in decaauts)
 A = Elapsed time spent in this place.
 B = Non-inter-level travel time spent in this place.
 C = Inter-level travel time spent in this place.
 D = Time resting spent in this place.
 E = Time spent auto-exploring this place.
 F = Levels seen in this place.
 G = Mean time per level.
                   A        B        C        D        E       F      G
               +--------+--------+--------+--------+--------+-----+--------+
         Total |   2833 |   2718 |    115 |    130 |   2150 |   3 |  944.3 |
       Dungeon |   2833 |   2718 |    115 |    130 |   2150 |   3 |  944.3 |
               +--------+--------+--------+--------+--------+-----+--------+

Top non-repeatable levels by time:
     D:1: 1149 daAuts
     D:2: 1105 daAuts
     D:3: 578 daAuts
